 Dungeon Crawl Stone Soup version 0.28.0-43-g3370ac3207 (console) character file.

Game seed: 16367658022028776491

46 Zeor the Poker (level 3, 31/31 HPs)
             Began as a Palentonga Berserker on Mar 22, 2022.
             Was a Follower of Trog.
             Quit the game on level 2 of the Dungeon.
             The game lasted 00:04:23 (1595 turns).

Zeor the Poker (Palentonga Berserker)               Turns: 1595, Time: 00:04:24

Health: 31/31      AC:  4    Str: 22    XL:     3   Next: 46%
Magic:  3/3        EV:  9    Int:  7    God:    Trog [*.....]
Gold:   60         SH:  0    Dex:  9    Spells: 2/2 levels left

rFire   . . .      SeeInvis +   a - +0 spear
rCold   . . .      Faith    .   (no shield)
rNeg    . . .      Spirit   .   b - +0 animal skin
rPois   .          Reflect  .   (no helmet)
rElec   .          Harm     .   (no cloak)
rCorr   .          Rampage  .   (no gloves)
Will    .....                   (no barding)
Stlth   +.........              (no amulet)
HPRegen 0.10/turn               (no ring)
MPRegen 0.08/turn               (no ring)

@: no status effects
A: large, rugged brown scales 3, see invisible, deformed body, roll 1, armoured
tail
a: Rolling Charge, Renounce Religion, Berserk


You were on level 2 of the Dungeon.
You worshipped Trog.
Trog was aware of your devotion.
You visited 1 branch of the dungeon, and saw 2 of its levels.

You collected 60 gold pieces.

Inventory:

Hand Weapons
 a - a +0 spear (weapon)
Armour
 b - a +0 animal skin (worn)
Scrolls
 e - 4 scrolls of identify {unknown}
 f - 2 scrolls of teleportation {unknown}
 g - a scroll of holy word {unknown}
Potions
 c - a potion of magic {unknown}
 d - a potion of curing {unknown}
 h - a potion of berserk rage {unknown}
 i - a potion of attraction {unknown}


   Skills:
 + Level 3.4 Fighting
 * Level 3.5 Polearms
 + Level 1.7 Armour
 + Level 1.8 Dodging


You had 2 spell levels left.
You didn't know any spells.
Your spell library was empty.

Dungeon Overview and Level Annotations

Branches:
Dungeon (2/15)

Altars:


Innate Abilities, Weirdness & Mutations

You are completely covered in rugged brown scales. (AC +3, +7% HP)
You have supernaturally acute eyesight. (SInv)
Armour fits poorly on your strangely shaped body.
You can roll at nearby foes to attack.
You have a long armoured tail.


Message History

Things that are here:
a +0 whip; a stone You see here a +0 dagger.
There is an open door here.
Found an escape hatch in the ceiling.
There is an escape hatch in the ceiling here.
There is an open door here.
An adder comes into view.
The adder hisses angrily.
You reach to attack!
You barely miss the adder. You hit the adder.
Your tail-slap misses the adder.
The adder is moderately wounded.
The adder barely misses you. The adder bites you.
You are poisoned.
The adder poisons you!
You closely miss the adder. You tail-slap the adder.
The adder is severely wounded.
You feel sick. The adder bites you but does no damage.
You miss the adder.
The adder is severely wounded.
You feel sick. The adder bites you.
You closely miss the adder.
Your tail-slap misses the adder.
The adder is severely wounded.
You feel sick. The adder barely misses you.
You miss the adder.
The adder is severely wounded.
You feel sick.
You are no longer poisoned.
The adder closely misses you. The adder bites you but does no damage.
You hit the adder.
You kill the adder!
Trog accepts your kill.
You can now call upon Trog for regeneration and willpower.
You start resting.
HP restored.
Enter note: man idk i'm just not feelin' trog You can no longer call upon Trog for regeneration and willpower.
Enter note: yeah it's mutual
Enter note: we out Are you sure you want to abandon this character and quit the game? (Confirm with "yes".)

▒▒'▒▒ ▒▒▒▒∙ ▒▒▒ ▒∙▒
▒∙∙∙∙ ∙∙▒ ▒∙▒ ▒∙▒▒∙
▒∙▒ ▒▒∙▒▒▒▒▒▒
▒∙▒▒∙▒▒∙▒▒▒▒∙∙∙▒▒∙∙∙
▒∙▒▒∙∙∙∙∙∙∙∙∙∙∙∙∙∙∙∙
▒∙▒▒∙∙∙∙∙▒∙▒∙∙∙∙∙∙∙∙
▒∙▒▒▒∙∙∙∙▒∙▒▒∙▒∙∙∙∙∙
▒∙∙H∙∙∙∙▒▒∙▒▒▒▒∙∙∙∙∙
▒▒▒▒▒∙▒∙∙∙∙∙∙∙∙∙∙∙∙∙
▒∙▒▒▒▒∙▒▒▒▒▒▒∙∙∙
▒∙∙∙∙∙∙▒ ▒▒▒▒
▒▒▒▒▒▒▒▒


There were no monsters in sight!

Vanquished Creatures
  An adder (D:2)
  An endoplasm (D:1)
  7 goblins
  4 hobgoblins
  4 jackals (D:2)
  6 kobolds
  A quokka (D:1)
  A ball python (D:1)
  2 bats
  4 frilled lizards
  3 rats
34 creatures vanquished.

Notes
Turn   | Place    | Note
-------+----------+-------------------------------------------
     0 | D:1      | Zeor the Palentonga Berserker began the quest for the Orb.
     0 | D:1      | Reached XP level 1. HP: 19/19 MP: 1/1
   236 | D:1      | Reached XP level 2. HP: 25/25 MP: 2/2
   719 | D:1      | Found a faded altar of an unknown god.
  1039 | D:2      | Reached XP level 3. HP: 31/31 MP: 3/3
  1484 | D:2      | Reached ** piety under Trog
  1566 | D:2      | man idk i'm just not feelin' trog
  1595 | D:2      | yeah it's mutual
  1595 | D:2      | we out
  1595 | D:2      | Quit the game

Illustrated notes ▒▒'▒▒ ▒∙▒ ▒∙▒ ▒∙▒ ▒∙▒ ▒∙▒ ▒▒▒▒ ▒∙▒ ∙▒▒∙∙∙▒ ▒∙▒ ∙∙∙∙∙∙∙▒▒ ▒∙▒ ∙∙∙∙∙∙∙∙▒ ▒∙▒ ▒∙∙∙∙∙∙∙▒▒▒▒∙▒ ▒∙∙∙∙∙∙H∙∙∙∙∙▒ ∙∙∙∙∙∙∙▒▒▒▒▒▒▒ ▒▒▒∙∙∙▒ ▒▒▒▒ Turn 1566 on D:2: man idk i'm just not feelin' trog

▒▒'▒▒ ▒▒▒▒∙ ▒▒▒ ▒∙▒
▒∙∙∙∙ ∙∙▒ ▒∙▒ ▒∙▒▒∙
▒∙▒ ▒▒∙▒▒▒▒▒▒
▒∙▒▒∙▒▒∙▒▒▒▒∙∙∙▒▒∙∙∙
▒∙▒▒∙∙∙∙∙∙∙∙∙∙∙∙∙∙∙∙
▒∙▒▒∙∙∙∙∙▒∙▒∙∙∙∙∙∙∙∙
▒∙▒▒▒∙∙∙∙▒∙▒▒∙▒∙∙∙∙∙
▒∙∙H∙∙∙∙▒▒∙▒▒▒▒∙∙∙∙∙
▒▒▒▒▒∙▒∙∙∙∙∙∙∙∙∙∙∙∙∙
▒∙▒▒▒▒∙▒▒▒▒▒▒∙∙∙
▒∙∙∙∙∙∙▒ ▒▒▒▒
▒▒▒▒▒▒▒▒


Turn 1595 on D:2: yeah it's mutual

Levels and vault maps discovered:
D:1:      lightli_arrival_boilingwater, layout_loops_corners,
          shapermc_ecumenical_altar_acropolis
D:2:      layout_loops_corners, kennysheep_donut

Skill      XL: |  1 |
---------------+----+-----
Polearms       | 3 |  3.5
Fighting       | |  3.4
Armour         | |  1.7
Dodging        | |  1.8

Action                   || total
-------------------------++-------
Melee: Spear             ||    80
       Tailslap          ||    10
 Abil: Rolling Charge    ||    16
Armor: Animal skin       ||    15
Dodge: Dodged            ||    28
